 Dungeon Crawl Stone Soup version 0.27-a0-1147-gb3d8e82157 (webtiles) character file.

Game seed: 15042987939307031450

171 runemasterragnar the Ducker (level 5, -1/40 HPs)
             Began as a Djinni Gladiator on May 12, 2021.
             Was a Believer of Dithmenos.
             Slain by an orc
             ... wielding a +1 dagger of speed
              (4 damage)
             ... on level 4 of the Dungeon.
             The game lasted 00:03:49 (3058 turns).

runemasterragnar the Ducker (Djinni Gladiator)      Turns: 3058, Time: 00:03:50

Health: -1/40      AC:  4    Str: 12 (13) XL:     5   Next: 51%
Gold:   76         EV: 12    Int:  7 (9)  God:    Dithmenos [**....] SH:  0 Dex: 13 (16)

rFire    + + .     SeeInvis .   a - +0 long sword
rCold    x . .     Faith    .   (no shield)
rNeg     . . .     Spirit   .   b - +0 leather armour
rPois    ∞         Reflect  .   c - +0 helmet
rElec    .         Harm     .   (no cloak)
rCorr    .         Rampage  .   (no gloves)
Will     .....                  (boots unavailable)
Stlth    ++........             (no amulet)
HPRegen  0.13/turn              (no ring)
MPRegen  0.00/turn              (no ring)

@: flying, hasted, wreathed by umbra, very quick
A: sickness immunity, fire resistance 2, cold vulnerability 1, float, innate
caster, hp casting, extra vitality 1
a: Renounce Religion, Shadow Step


You were on level 4 of the Dungeon.
You worshipped Dithmenos.
Dithmenos was pleased with you.
You visited 1 branch of the dungeon, and saw 4 of its levels.

You collected 76 gold pieces.

Inventory:

Hand Weapons
 a - a +0 long sword (weapon)
Missiles
 d - 3 throwing nets (quivered)
 g - 5 boomerangs
 i - 17 poisoned darts
Armour
 b - a +0 leather armour (worn)
 c - a +0 helmet (worn)
Scrolls
 h - 6 scrolls of identify {unknown}
 j - a scroll of blinking
 k - a scroll of amnesia {unknown}
 m - a scroll of acquirement {unknown}
 o - a scroll of teleportation {unknown}
Potions
 e - a potion of haste
 f - a potion of degeneration
 l - a potion of lignification {unknown}
 n - a potion of cancellation {unknown}
 p - a potion of brilliance {unknown}


   Skills:
 + Level 2.8 Fighting
 * Level 3.6 Long Blades
 * Level 2.8 Throwing
 + Level 4.0 Dodging
 + Level 1.0 Stealth


You had one spell level left.
You knew the following spells:

 Your Spells              Type           Power      Damage    Failure   Level
a - Beastly Appendage     Tmut           0%         N/A       52%         1
b - Static Discharge      Conj/Air       0%         N/A       65%         2
Your spell library was empty.

Dungeon Overview and Level Annotations

Branches:
Dungeon (4/15)
 Temple: D:4-7

Altars:
Dithmenos
Makhleb

Shops:
D:1 [

Annotations:
D:4 1 runed translucent door, jien's ghost, novice GrFi


Innate Abilities, Weirdness & Mutations

You are immune to sickness and miasma.
You are immune to poison.
Your flesh is very heat resistant. (rF++)
You are vulnerable to cold. (rC-)
You float through the air rather than walking.
You learn spells naturally, not from books.
Your magical power is your life essence.
You have superior vitality. (+4 HP)


Message History

The orc hits you but does no damage.
The orc hits you with a +1 dagger of speed.
You barely miss the orc.
The orc is severely wounded.
The orc closely misses you.
The orc hits you with a +1 dagger of speed.
You hit the orc but do no damage.
The orc is severely wounded.
The orc completely misses you. The orc hits you but does no damage.
The orc misses you.
You hit the orc but do no damage.
The orc is heavily wounded.
The orc hits you but does no damage. x2
The orc hits you with a +1 dagger of speed.
The orc hits you with a +0 falchion.
* * * LOW HITPOINT WARNING * * *
You hit the orc.
The orc is severely wounded.
The orc barely misses you.
You riposte.
You closely miss the orc.
The orc is severely wounded.
The orc barely misses you. x2
You hit the orc but do no damage.
The orc is severely wounded.
The orc hits you but does no damage. The orc barely misses you.
You riposte.
You completely miss the orc.
The orc hits you with a +1 dagger of speed.
* * * LOW HITPOINT WARNING * * *
It was a potion of degeneration.
There was something very wrong with that liquid.
You feel weakened.
You feel dopey.
You feel clumsy. The orc hits you with a +0 falchion.
* * * LOW HITPOINT WARNING * * *
The orc completely misses you.
You riposte.
You closely miss the orc.
The orc is severely wounded.
It was a potion of haste.
You feel yourself speed up.
The orc hits you with a +1 dagger of speed.
* * * LOW HITPOINT WARNING * * *
The orc completely misses you.
The orc hits you with a +1 dagger of speed.
You die...

############
#..........# #.W.#
+..........# #.≈.#
#..........# #.≈.#
#..........# #.≈.#
#..........# #.≈.#
#...)oo....#
##+####+####...)@.....#
...............?....###
.......<............#
....................#
....................#
....................#
..(.................#
....................#
....................#


You could see 2 orcs.

Vanquished Creatures
  An ogre (D:3)
  3 adders
  A worm (D:2)
  2 dart slugs
  2 orcs (D:4)
  8 ball pythons
  2 endoplasms (D:2)
  A giant cockroach (D:1)
  6 hobgoblins
  6 quokkas
  2 bats
  5 frilled lizards
  6 goblins
  3 kobolds
  6 rats
54 creatures vanquished.

Notes
Turn   | Place    | Note
-------+----------+-------------------------------------------
     0 | D:1      | runemasterragnar the Djinni Gladiator began the quest for
                  | the Orb.
     0 | D:1      | Reached XP level 1. HP: 18/18 MP: 0/0
   257 | D:1      | Reached XP level 2. HP: 18/23 MP: 0/0
   339 | D:1      | Found Veiduimo's Antique Armour Boutique.
  1078 | D:1      | Found a faded altar of an unknown god.
  1085 | D:1      | Became a worshipper of Dithmenos the Shadowed
  1085 | D:1      | Reached * piety under Dithmenos
  1194 | D:1      | Reached XP level 3. HP: 29/29 MP: 0/0
  1194 | D:1      | Learned a level 1 spell: Beastly Appendage
  1633 | D:2      | Found a burning altar of Makhleb.
  2124 | D:2      | Reached XP level 4. HP: 34/34 MP: 0/0
  2428 | D:3      | Noticed an ogre
  2450 | D:3      | HP: 1/34 [ogre/+0 giant club (10)]
  2453 | D:3      | Killed an ogre
  2454 | D:3      | Reached skill level 4 in Dodging
  2454 | D:3      | Reached XP level 5. HP: 2/39 MP: 0/0
  2454 | D:3      | Learned a level 2 spell: Static Discharge
  2814 | D:3      | Reached skill level 1 in Stealth
  2826 | D:3      | Noticed an ice beast
  3027 | D:4      | Found a runed translucent door.
  3027 | D:4      | Noticed jien's ghost (novice GrFi)
  3047 | D:4      | Reached ** piety under Dithmenos
  3058 | D:4      | Slain by an orc

Illustrated notes

Levels and vault maps discovered:
D:1:      matt_arrival_diagonals, layout_basic, serial_shops, shop,
          chequers_ecumenical_altar_lobes, st_stairs_5
D:2:      layout_loops_ring, basic_altar
D:3:      layout_basic, serial_glass, glass_columns_a, glass_columns_a,
          chequers_garden, lemuel_another_geyser
D:4:      layout_gridville, ebering_ghost_reflecting_pool

Skill      XL: |  1  2  3  4  5 |
---------------+----------------+-----
Throwing       | 2 |  2.8
Long Blades    | 3 |  3.6
Dodging        | 4 |  4.0
Stealth        | 1 |  1.0
Fighting       | |  2.8

Action                   |  1- 3 |  4- 6 || total
-------------------------+-------+-------++-------
Melee: Long sword        |   125 |    47 ||   172
  Use: Potion            |       |     2 ||     2
       Scroll            |       |     1 ||     1
 Stab: Sleeping          |     1 |     2 ||     3
Armor: Leather armour    |    46 |    18 ||    64
Dodge: Dodged            |    89 |    52 ||   141
       Rpst.: Long sword |    21 |    17 ||    38

Table legend: (Time is in decaauts)
 A = Elapsed time spent in this place.
 B = Non-inter-level travel time spent in this place.
 C = Inter-level travel time spent in this place.
 D = Time resting spent in this place.
 E = Time spent auto-exploring this place.
 F = Levels seen in this place.
 G = Mean time per level.
                   A        B        C        D        E       F      G
               +--------+--------+--------+--------+--------+-----+--------+
         Total |   3099 |   3052 |     47 |    388 |   2216 |   4 |  774.8 |
       Dungeon |   3099 |   3052 |     47 |    388 |   2216 |   4 |  774.8 |
               +--------+--------+--------+--------+--------+-----+--------+

Top non-repeatable levels by time:
     D:1: 1278 daAuts
     D:2: 1012 daAuts
     D:3: 775 daAuts
     D:4: 33 daAuts
